 Dungeon Crawl Stone Soup version 0.17.1-1-g73c8601 (webtiles) character file.

4813 shmeve the Fighter (level 10, -3/88 HPs)
             Began as a Grey Draconian Berserker on Apr 27, 2016.
             Was a High Priest of Trog.
             Slain by a tengu warrior
             ... wielding a +0 long sword of slicing
              (10 damage)
             ... on level 9 of the Dungeon.
             The game lasted 00:17:54 (8859 turns).

shmeve the Fighter (Grey Draconian Berserker)       Turns: 8859, Time: 00:17:55

Health: -3/88      AC: 14    Str: 24    XL:     10   Next: 24%
Magic:  10/10      EV: 14    Int:  7    God:    Trog [*****.]
Gold:   336        SH:  0    Dex: 10    Spells: 0 memorised, 9 levels left

rFire  . . .     SeeInvis .     u - +0 war axe
rCold  + . .     Clarity  .     (armour unavailable)
rNeg   . . .     SustAt   +     (no shield)
rPois  .         Gourm    .     (helmet restricted)
rElec  .         Spirit   .     w - +0 cloak
rCorr  .         Warding  .     (no gloves)
rMut   .         Stasis   .     y - +0 pair of boots
MR     .....                    (no amulet)
Stlth  +++.......               z - ring of protection from cold
                                p - ring of sustain attributes

@: exhausted, slowed, very slow, not resistant to hostile enchantments, fairly
stealthy
A: walk through water, unfitting armour, unbreathing, cold-blooded, AC +12
a: Berserk, Trog's Hand, Brothers in Arms, Burn Spellbooks, Renounce Religion


You were on level 9 of the Dungeon.
You worshipped Trog.
Trog was extremely pleased with you.
You were hungry.

You visited 1 branch of the dungeon, and saw 9 of its levels.

You collected 336 gold pieces.

Inventory:

Hand Weapons
 u - a +0 war axe (weapon)
Armour
 w - a +0 cloak (worn)
 y - a +0 pair of boots (worn)
 E - a +0 large shield
Jewellery
 p - a ring of sustain attributes (left hand)
 r - an uncursed ring of flight
 z - a ring of protection from cold (right hand)
 G - an uncursed ring of protection from fire
Scrolls
 c - 9 scrolls of identify {unknown}
 e - 2 scrolls of immolation {unknown}
 h - a scroll of noise {unknown}
 i - 3 scrolls of fog {unknown}
 k - 6 scrolls of remove curse {unknown}
 o - a scroll of blinking {unknown}
 s - 2 scrolls of amnesia {unknown}
 t - 2 scrolls of random uselessness {unknown}
 B - 2 scrolls of teleportation {unknown}
 D - 2 scrolls of enchant armour {unknown}
 H - a scroll of enchant weapon {unknown}
Potions
 a - a potion of magic {unknown}
 d - 3 potions of degeneration {unknown}
 g - 4 potions of curing
 l - 6 potions of heal wounds {unknown}
 m - a potion of cancellation {unknown}
 n - 2 potions of mutation {unknown}
 q - 2 potions of haste {unknown}
 v - 2 potions of berserk rage {unknown}
 x - a potion of flight {unknown}
 A - 2 potions of might {unknown}
 C - a potion of poison {unknown}
Comestibles
 b - 4 bread rations
 f - 2 chunks of flesh
 j - 2 meat rations


   Skills:
 - Level 8.2 Fighting
 - Level 7.4 Axes
 - Level 6.6 Dodging
 + Level 6.8 Stealth
 * Level 6.5 Shields


You had 9 spell levels left.
You didn't know any spells.

Dungeon Overview and Level Annotations

Branches:
Dungeon (9/15)             Temple (0/1) D:5
   Lair: D:8-11         Orc: D:9-12

Altars:
Yredelemnul

Shops:
D:5 (   D:8 :


Innate Abilities, Weirdness & Mutations

You can walk through water.
Your dull iron-grey scales are very hard (AC +12).
Your body does not fit into most forms of armour.
You can survive without breathing.
You are cold-blooded and may be slowed by cold attacks.


Message History

The tengu warrior hits you but does no damage.
The tengu warrior completely misses you.
The tengu warrior claws you.
* * * LOW HITPOINT WARNING * * *
The tengu warrior blocks your attack.
The tengu warrior is almost dead.
Unknown command.
You miss the tengu warrior.
Your tail-slap misses the tengu warrior.
The tengu warrior is almost dead.
The tengu warrior barely misses you. The tengu warrior misses you.
The tengu warrior claws you but does no damage.
The tengu warrior blocks your attack.
The tengu warrior is almost dead.
You are no longer berserk.
You are exhausted.
You feel yourself slow down.
You are feeling hungry.
The tengu warrior hits you with a long sword of slicing!
You die...

+#+ .?.. ..
... ... ..#
.. #.. ..
+.. ..+..u.
.[ .#.#.# ..
OZ9.. .
#Q#.# #.
#@#.# .
#.###'#.#
##.#.......#
#......)...#
#..#.......#
#.......#
#.......#
....#+#'#.#
.### #.#.#


You could see a white ugly thing, a tengu warrior, a gargoyle, an ogre and a
giant frog skeleton.

Vanquished Creatures
  The ghost of Nathanielran1005 the Cleaver, a novice HOGl of Makhleb (D:8)
  Pikel (D:4)
  A gargoyle (D:9)
  A troll (D:9)
  A hungry ghost (D:8)
  A steam dragon (D:7)
  Edmund (D:6)
  Duvessa (D:6)
  A wasp (D:8)
  2 slaves (D:4)
  An ice beast (D:5)
  An orc warrior (D:8)
  2 sky beasts
  6 ogres
  2 phantoms
  A centaur (D:7)
  A black bear (D:6)
  3 giant frogs
  A scorpion (D:5)
  Dowan (D:6)
  2 crimson imps
  A centaur zombie (D:5)
  3 jellies
  A giant frog zombie (D:8)
  2 hounds
  3 orc priests
  Ijyb (D:2)
  Jessica (D:3)
  4 orc wizards
  Terence (D:3)
  Natasha (twice) (D:2)
  8 worker ants
  3 iguanas
  A hound skeleton (D:8)
  3 gnolls (D:4)
  2 shadow imps
  10 adders
  2 oozes (D:3)
  2 worms (D:2)
  3 giant geckos
  23 orcs
  A ball python (D:1)
  12 hobgoblins
  11 jackals
  4 quokkas
  10 bats
  8 giant cockroaches
  6 giant newts
  15 goblins
  13 kobolds
  10 rats
  A spectral orc (D:3)
199 creatures vanquished.

Vanquished Creatures (others)
  A scorpion (D:4)
  A worm (D:4)
  A giant newt (D:4)
  A jackal (D:4)
4 creatures vanquished.

Grand Total: 203 creatures vanquished

Notes
Turn   | Place    | Note
--------------------------------------------------------------
     0 | D:1      | shmeve the Draconian Berserker began the quest for the Orb.
     0 | D:1      | Reached XP level 1. HP: 19/19 MP: 1/1
   324 | D:1      | Reached skill level 1 in Stealth
   328 | D:1      | Reached XP level 2. HP: 19/26 MP: 2/2
   685 | D:1      | Reached ** piety under Trog
   948 | D:1      | Reached XP level 3. HP: 24/33 MP: 3/3
  1166 | D:2      | Noticed Ijyb
  1173 | D:2      | Reached skill level 4 in Fighting
  1178 | D:2      | Killed Ijyb
  1178 | D:2      | Reached XP level 4. HP: 40/40 MP: 4/4
  1721 | D:2      | Noticed Natasha
  1740 | D:2      | Killed Natasha
  1827 | D:2      | Noticed Natasha
  1835 | D:2      | Killed Natasha
  1991 | D:2      | Reached XP level 5. HP: 35/47 MP: 5/5
  2288 | D:3      | Reached *** piety under Trog
  2582 | D:3      | Noticed Terence
  2589 | D:3      | Killed Terence
  2589 | D:3      | Reached skill level 5 in Fighting
  2590 | D:3      | Noticed Jessica
  2597 | D:3      | Killed Jessica
  2819 | D:3      | Found a basalt altar of Yredelemnul.
  2988 | D:4      | Noticed Pikel
  2989 | D:4      | Noticed a slave
  2989 | D:4      | Noticed a slave
  2989 | D:4      | Noticed a slave
  2989 | D:4      | Noticed a slave
  3000 | D:4      | Killed a slave
  3001 | D:4      | Killed a slave
  3003 | D:4      | Killed Pikel
  3003 | D:4      | Reached skill level 6 in Fighting
  3003 | D:4      | Reached skill level 5 in Axes
  3003 | D:4      | Reached XP level 6. HP: 44/57 MP: 6/6
  3003 | D:4      | Your scales start taking on a dull iron-grey colour.
  3003 | D:4      | Gained mutation: You can survive without breathing. [Grey Draconian growth]
  3003 | D:4      | Reached XP level 7. HP: 48/63 MP: 7/7
  3072 | D:4      | Noticed an ogre
  3086 | D:4      | Killed an ogre
  3261 | D:4      | Reached **** piety under Trog
  3283 | D:4      | Noticed an ogre
  3300 | D:4      | Killed an ogre
  3300 | D:4      | Reached skill level 5 in Dodging
  3880 | D:4      | Reached XP level 8. HP: 36/71 MP: 8/8
  4431 | D:5      | Entered Level 5 of the Dungeon
  4826 | D:5      | Found a staircase to the Ecumenical Temple.
  5065 | D:5      | Found Beel's Antique Weapon Boutique.
  5110 | D:5      | Reached skill level 7 in Fighting
  5975 | D:6      | Noticed Edmund
  5988 | D:6      | Killed Edmund
  6121 | D:6      | Reached XP level 9. HP: 46/80 MP: 9/9
  6374 | D:6      | Noticed Duvessa
  6377 | D:6      | Noticed Dowan
  6386 | D:6      | Killed Dowan
  6390 | D:6      | Killed Duvessa
  6390 | D:6      | Reached skill level 8 in Fighting
  6876 | D:7      | Reached skill level 1 in Shields
  6879 | D:7      | Reached skill level 5 in Stealth
  7488 | D:8      | Reached ***** piety under Trog
  7530 | D:8      | Noticed Nathanielran1005's ghost (novice HOGl)
  7546 | D:8      | Killed Nathanielran1005's ghost
  7546 | D:8      | Reached skill level 5 in Shields
  7978 | D:8      | Reached XP level 10. HP: 88/88 MP: 10/10
  7989 | D:8      | Found Coafiopp's Book Shop.
  8835 | D:9      | Noticed a tengu warrior
  8856 | D:9      | Noticed a white ugly thing
  8859 | D:9      | Slain by a tengu warrior

Action                   |  1- 3 |  4- 6 |  7- 9 | 10-12 || total
-------------------------+-------+-------+-------+-------++-------
Melee: Hand axe          |    78 |   187 |   109 |       ||   374
       War axe           |       |       |   294 |    97 ||   391
Invok: Berserk           |     1 |     3 |     4 |     1 ||     9
       Trog's Hand       |       |     1 |     3 |       ||     4
       Burn Spellbooks   |       |       |     1 |       ||     1
 Stab: Sleeping          |     2 |     3 |     4 |     2 ||    11
       Distracted        |       |       |       |     1 ||     1
  Eat: Chunk             |       |    10 |    18 |     1 ||    29
       Fruit             |       |       |     2 |       ||     2
       Beef jerky        |       |       |     2 |       ||     2
       Meat ration       |       |       |     1 |       ||     1
